 Dungeon Crawl Stone Soup version 0.30-a0-159-g068b764562 (webtiles) character file.

Game seed: 14676580530841318589

3844 pokeman the Thaumaturge (level 9, -1/44 (49) HPs)
             Began as a Deep Elf Hedge Wizard on Sept 27, 2022.
             Was a Believer of Vehumet.
             Slain by a wraith (5 damage)
             ... on level 8 of the Dungeon.
             The game lasted 00:27:59 (13321 turns).

pokeman the Thaumaturge (Deep Elf Hedge Wizard)    Turns: 13321, Time: 00:27:59

HP:   -1/44 (49)    AC:  9    Str:  7    XL:     9   Next: 98%
MP:   2/27          EV: 13    Int: 24    God:    Vehumet [**....]
Gold: 723           SH:  0    Dex: 14    Spells: 23/33 levels left

rFire   . . .      SeeInvis .    A - +1 dagger (venom)
rCold   . . .      Faith    .    (no shield)
rNeg    . . .      Spirit   .    E - +0 steam dragon scales
rPois   .          Reflect  .    t - +2 hat
rElec   .          Harm     .    (no cloak)
rCorr   .          Rampage  .    (no gloves)
Will    .....                    f - +0 pair of boots
Stlth   ++........               (no amulet)
HPRegen 0.14/turn                (no ring)
MPRegen 0.20/turn                (no ring)

@: slowed, heavily drained, very slow
A: no striking features
a: Renounce Religion


You were on level 8 of the Dungeon.
You worshipped Vehumet.
Vehumet was pleased with you.
You visited 2 branches of the dungeon, and saw 9 of its levels.
You also visited: Sewer and Ossuary.

You collected 723 gold pieces.

Inventory:

Hand Weapons
 A - a +1 dagger of venom (weapon)
 D - a +0 shortbow
Armour
 f - a +0 pair of boots (worn)
 r - a +2 leather armour of willpower
 t - a +2 hat (worn)
 B - a +1 leather armour of cold resistance
 E - +0 steam dragon scales (worn)
 G - a +0 cloak
Wands
 y - a wand of quicksilver (8)
Scrolls
 a - a scroll of silence {unknown}
 c - 2 scrolls of brand weapon {unknown}
 e - 12 scrolls of identify {unknown}
 k - a scroll of fear {unknown}
 l - 5 scrolls of magic mapping {unknown}
 n - 7 scrolls of teleportation {unknown}
 o - 2 scrolls of acquirement {unknown}
 u - a scroll of amnesia {unknown}
 v - 2 scrolls of poison {unknown}
 w - 2 scrolls of vulnerability {unknown}
 x - a scroll of enchant armour {unknown}
 C - a scroll of torment {unknown}
 I - 2 scrolls of enchant weapon {unknown}
Potions
 b - 2 potions of attraction {unknown}
 d - 2 potions of magic
 g - 3 potions of haste {unknown}
 h - 6 potions of curing {unknown}
 j - a potion of resistance {unknown}
 m - 8 potions of flight {unknown}
 p - 2 potions of berserk rage
 q - 2 potions of brilliance {unknown}
 s - 3 potions of cancellation {unknown}
 z - 4 potions of mutation
 F - a potion of might {unknown}
 H - 2 potions of heal wounds {unknown}
 J - a potion of lignification {unknown}


   Skills:
 + Level 2.4 Fighting
 - Level 4.0 Armour
 - Level 3.2 Dodging
 - Level 3.3 Stealth
 * Level 12.5 Spellcasting
 + Level 7.0 Conjurations
 - Level 1.1 Summonings
 + Level 6.8 Necromancy
 - Level 1.1 Translocations
 - Level 1.0 Air Magic
 - Level 1.1 Poison Magic
 - Level 1.0 Evocations


You had 23 spell levels left.
You knew the following spells:

 Your Spells              Type           Power      Damage    Failure   Level
a - Magic Dart            Conj           100%       1d8       1%          1
b - Mephitic Cloud        Conj/Pois/Air  29%        N/A       3%          3
c - Call Imp              Summ           20%        N/A       4%          2
d - Blink                 Tloc           40%        N/A       4%          2
e - Cigotuvi's Dreadful   Necr/Pois/Air  58%        N/A       1%          2

Your spell library contained the following spells:

 Spells                   Type           Power      Damage    Failure   Level
 Static Discharge         Conj/Air       68%        2-5/arc   1%          2
 Kiss of Death            Conj/Necr      100%       2d13      1%          1
 Dispel Undead            Necr           48%        3d18      2%          4
 Slow                     Hex            60%        N/A       4%          1
 Lesser Beckoning         Tloc           20%        N/A       8%          3
 Confusing Touch          Hex            15%        N/A       12%         3
 Tukima's Dance           Hex            15%        N/A       12%         3
 Manifold Assault         Tloc           20%        N/A       26%         4
 Passage of Golubria      Tloc           20%        N/A       26%         4
 Yara's Violent Unravell  Hex/Tmut       7%         3d5       75%         5


Dungeon Overview and Level Annotations

Branches:
Dungeon (8/15)             Temple (1/1) D:5           Sewer (visited)
Ossuary (visited)
   Lair: D:8-11

Altars:
Cheibriados
Dithmenos
Fedhas
Hepliaklqana
Nemelex Xobeh
Okawaru
Ru
Sif Muna
Vehumet
Zin
The Shining One

Annotations:
D:7 2 transporters


Message History

Casting: Magic Dart (safe; 1% risk of failure)
Confirm with . or Enter, or press ? or * to list all spells.
Aiming: Magic Dart (safe; 1% risk of failure)
Press: ? - help, Shift-Dir - straight line, f/p - wraith
Aim: a wraith (severely damaged, 100% to hit)
The magic dart hits the wraith but does no damage.
The wraith is severely damaged.
The wraith hits you!
Casting: Magic Dart (safe; 1% risk of failure)
Confirm with . or Enter, or press ? or * to list all spells.
Aiming: Magic Dart (safe; 1% risk of failure)
Press: ? - help, Shift-Dir - straight line, f/p - wraith
Aim: a wraith (severely damaged, 100% to hit)
The magic dart hits the wraith but does no damage.
The wraith is severely damaged.
The wraith barely misses you. The wraith misses you.
Casting: Magic Dart (safe; 1% risk of failure)
Confirm with . or Enter, or press ? or * to list all spells.
Aiming: Magic Dart (safe; 1% risk of failure)
Press: ? - help, Shift-Dir - straight line, f/p - wraith
Aim: a wraith (severely damaged, 100% to hit)
The magic dart hits the wraith but does no damage.
The wraith is severely damaged.
You feel yourself speed up. The wraith hits you!
* * * LOW HITPOINT WARNING * * *
The wraith drains your vigour!
You feel yourself slow down.
Casting: Magic Dart (safe; 1% risk of failure)
Confirm with . or Enter, or press ? or * to list all spells.
Aiming: Magic Dart (safe; 1% risk of failure)
Press: ? - help, Shift-Dir - straight line, f/p - wraith
Aim: a wraith (severely damaged, 100% to hit)
The magic dart hits the wraith but does no damage.
The wraith is severely damaged.
The wraith hits you!
* * * LOW HITPOINT WARNING * * *
The wraith drains your vigour!
You feel as though you will be slow longer.
The wraith hits you.
You die...

##.....## #.##.#..# #....≈...#
##.......## #.......# ##...≈.###
#.........####......######..≈..##
+.........+.................≈....
#.........####.....#########...#.
##.......## ##.....# #..###
##.....## ##...## #.## ##...##
#..## #.#### ##+## #@## #....#
#.# #W# ####.# #####.### #.#
####.# ........# #.# #.....
####....# #.# #.##.# ...§....#
#.# #.##.# .###....########.#
#.##.# ...........W.....# #.##..
.#####..########## #.####


You could see a wraith.

Vanquished Creatures
  A wyvern (D:8)
  2 steam dragons
  3 water moccasins
  A black bear (D:7)
  An ogre (D:6)
  2 centaurs
  2 phantoms
  2 bullfrogs
  2 kobold brigands
  2 necrophages
  4 wights (D:7)
  7 scorpions
  5 killer bees (D:8)
  4 howler monkeys
  A centaur zombie (Ossuary)
  2 human zombies
  4 hounds
  8 orc priests
  A jelly (D:5)
  A human skeleton (D:8)
  7 orc wizards
  4 iguanas (D:5)
  5 mummies
  Robin (D:4)
  12 adders
  2 river rats (D:3)
  A shadow imp (D:7)
  A white imp (D:5)
  2 ufetubi
  3 worms
  4 dart slugs
  34 orcs
  10 bats
  14 endoplasms
  A giant cockroach (D:2)
  A gnoll zombie (Ossuary)
  17 goblins
  7 hobgoblins
  2 jackals (D:3)
  5 quokkas
  9 ball pythons
  A frilled lizard (D:3)
  15 kobolds
  2 kobold zombies (Ossuary)
  3 orc skeletons (D:8)
  4 orc zombies
  9 rats
231 creatures vanquished.

Vanquished Creatures (collateral kills)
  A killer bee (D:8)
  A river rat (D:3)
  A giant cockroach (D:3)
  A goblin (D:4)
  3 hobgoblins (D:4)
7 creatures vanquished.

Grand Total: 238 creatures vanquished

Notes
Turn   | Place    | Note
-------+----------+-------------------------------------------
     0 | D:1      | pokeman the Deep Elf Hedge Wizard began the quest for the
                  | Orb.
     0 | D:1      | Reached XP level 1. HP: 10/10 MP: 7/7
   206 | D:1      | Reached XP level 2. HP: 15/15 MP: 6/9
   604 | D:1      | Reached skill level 5 in Spellcasting
   837 | D:1      | Reached XP level 3. HP: 20/20 MP: 7/11
   841 | D:1      | Learned a level 3 spell: Mephitic Cloud
   844 | D:1      | Learned a level 2 spell: Call Imp
   847 | D:1      | Learned a level 2 spell: Blink
   850 | D:1      | Learned a level 2 spell: Cigotuvi's Dreadful Rot
  1460 | D:2      | Reached skill level 1 in Fighting
  1644 | D:2      | Reached skill level 1 in Armour
  1759 | D:2      | Found a hazy altar of Hepliaklqana.
  2352 | D:3      | Reached XP level 4. HP: 25/25 MP: 10/13
  2784 | D:3      | Found a glowing drain.
  2807 | Sewer    | Entered a sewer
  3078 | Sewer    | Noticed a water moccasin
  3091 | Sewer    | Killed a water moccasin
  3092 | Sewer    | Reached skill level 6 in Spellcasting
  3092 | Sewer    | Reached XP level 5. HP: 13/29 MP: 5/15
  4135 | D:3      | Reached XP level 6. HP: 24/34 MP: 5/17
  4319 | D:3      | Reached skill level 1 in Air Magic
  4376 | D:3      | Reached skill level 1 in Necromancy
  4769 | D:4      | Reached skill level 7 in Spellcasting
  4946 | D:3      | Reached skill level 1 in Poison Magic
  5032 | D:3      | Reached XP level 7. HP: 25/38 MP: 11/20
  5439 | D:4      | Reached skill level 8 in Spellcasting
  5604 | D:4      | Noticed Robin
  6020 | D:4      | Killed Robin
  6383 | D:5      | Entered Level 5 of the Dungeon
  6599 | D:5      | Reached skill level 1 in Evocations
  6766 | D:5      | Found a staircase to the Ecumenical Temple.
  6778 | Temple   | Entered the Ecumenical Temple
  6838 | Temple   | Became a worshipper of Vehumet
  6867 | D:5      | Reached XP level 8. HP: 44/44 MP: 18/22
  6939 | D:5      | Reached skill level 9 in Spellcasting
  8251 | D:5      | Reached skill level 5 in Conjurations
  8445 | D:6      | Reached skill level 10 in Spellcasting
  8466 | D:6      | Reached * piety under Vehumet
  8466 | D:6      | Offered knowledge of Kiss of Death by Vehumet.
  8645 | D:6      | Reached skill level 5 in Necromancy
  8742 | D:6      | Found a snail-covered altar of Cheibriados.
  8955 | D:6      | Reached XP level 9. HP: 30/48 MP: 18/25
  9206 | D:7      | Found a transporter.
  9206 | D:7      | Noticed a two-headed ogre
  9233 | D:7      | Reached skill level 11 in Spellcasting
  9502 | D:7      | Reached ** piety under Vehumet
  9502 | D:7      | Offered knowledge of Sandblast by Vehumet.
  9792 | D:7      | Identified the +0 chain mail "Ataul" {Stlth+}
 10069 | D:7      | Found a transporter.
 11072 | D:7      | Noticed a troll
 11103 | D:8      | Reached skill level 12 in Spellcasting
 11530 | D:8      | Found a glowing golden altar of the Shining One.
 11604 | D:8      | Found a sand-covered staircase.
 11612 | Ossuary  | Entered an ossuary
 12917 | D:8      | Offered knowledge of Static Discharge by Vehumet.
 13321 | D:8      | Slain by a wraith

Illustrated notes

Levels and vault maps discovered:
D:1:      scummos_arrival_forest, layout_basic, st_stairs_3
D:2:      layout_loops_ring, basic_altar
D:3:      kennysheep_six_static_rooms, layout_basic, portal_sewer_entry_b,
          minivault_24
D:4:      layout_rooms, uniq_robin
D:5:      layout_layer_cave, minmay_temple_entry_glass, st_stairs_2,
          dreamdust_wishing_well
D:6:      layout_rooms, slow_altar_1
D:7:      gammafunk_beogh_shrine, layout_loops_corners
D:8:      layout_loops_corners, tso_metal_star, nicolae_ossuary_entry_catacombs,
          st_stairs_9, chequers_serial_rivers_micro_e, minivault_11
Temple:   compressed_dpeg_triangle_lava_temple

Skill      XL: |  1  2  3  4  5  6  7  8  9 |
---------------+----------------------------+-----
Spellcasting   | 5 6 7 8 10 12 | 12.5
Fighting       | 1 2 |  2.4
Conjurations   | 2 3 4 5 7 |  7.0
Armour         | 1 3 4 |  4.0
Dodging        | 3 |  3.2
Stealth        | 3 |  3.3
Air Magic      | 1 |  1.0
Necromancy     | 2 3 5 6 |  6.8
Poison Magic   | 1 |  1.1
Evocations     | 1 |  1.0
Summonings     | |  1.1
Translocations | |  1.1

Action                   |  1- 3 |  4- 6 |  7- 9 || total
-------------------------+-------+-------+-------++-------
Melee: Dagger            |     9 |    17 |   195 ||   221
       Long sword        |       |    21 |     5 ||    26
       Punch             |       |       |     8 ||     8
 Cast: Magic Dart        |   117 |   116 |   436 ||   669
       Mephitic Cloud    |     1 |    10 |    39 ||    50
       Call Imp          |     1 |     3 |    23 ||    27
       Blink             |       |     2 |     2 ||     4
       Cigotuvi's Dreadf |       |       |     1 ||     1
 Stab: Confused          |     2 |     4 |    16 ||    22
       Sleeping          |     1 |       |     1 ||     2
Armor: Robe              |     6 |    12 |       ||    18
       Leather armour    |       |    38 |    76 ||   114
       Steam dragon scal |       |       |    73 ||    73
Dodge: Dodged            |    18 |    84 |   243 ||   345

Table legend: (Time is in decaauts)
 A = Elapsed time spent in this place.
 B = Non-inter-level travel time spent in this place.
 C = Inter-level travel time spent in this place.
 D = Time resting spent in this place.
 E = Time spent auto-exploring this place.
 F = Levels seen in this place.
 G = Mean time per level.
                   A        B        C        D        E       F      G
               +--------+--------+--------+--------+--------+-----+--------+
         Total |  13357 |  12945 |    412 |   1212 |   9352 |  11 | 1214.3 |
       Dungeon |  12095 |  11700 |    395 |    967 |   8535 |   8 | 1511.9 |
        Temple |     78 |     61 |     17 |      0 |     47 |   1 |   78.0 |
         Sewer |    512 |    512 |      0 |    245 |    204 |   1 |  512.0 |
       Ossuary |    670 |    670 |      0 |      0 |    566 |   1 |  670.0 |
               +--------+--------+--------+--------+--------+-----+--------+

Top non-repeatable levels by time:
     D:3: 2353 daAuts
     D:7: 1984 daAuts
     D:5: 1840 daAuts
     D:8: 1498 daAuts
     D:1: 1364 daAuts
     D:2: 1212 daAuts
     D:4: 956 daAuts
     D:6: 886 daAuts
 Ossuary: 670 daAuts
   Sewer: 512 daAuts
  Temple: 78 daAuts
